Map: Dusk Towers

Players

LilDicky

  • Race: Terran Terran
  • League: Diamond

SbaerO - Winner!

  • Race: Terran Terran
  • League: Diamond

VOD

http://www.twitch.tv/tumescentpie

Description

Time

  • Played on: Dec. 25, 2015, 12:37 a.m.
  • Length: 3:20
Show
View Real Time Build Order
Export as new Build Order

LilDicky Terran 

Build Orders:  

Get SALT Encoding   

  12  0:04  SCV  
  13  0:16  SCV  
  13  0:20  Supply Depot  
  14  0:28  SCV  
  14  0:31  Refinery  
  15  0:42  SCV  
  16  0:45  Barracks  
  16  0:54  SCV  
  17  1:06  SCV  
  18  1:18  SCV  
  18  1:25  Refinery  
  19  1:28  Barracks  
  19  1:32  Marine  
  20  1:35  Orbital Command  
  20  1:44  Factory  
  20  1:52  Marine  
  21  1:58  Supply Depot  
  21  2:10  SCV, Marine  
  24  2:27  Marine  
  24  2:28  SCV  
  26  2:36  Factory Tech Lab  
  25  2:37  Starport  
  25  2:40  SCV  
  25  2:41  Marine  
  27  2:56  SCV  
Show
View Real Time Build Order
Export as new Build Order

SbaerO Terran - Winner!

Build Orders:  

Get SALT Encoding   

  12  0:00  SCV  
  13  0:13  SCV  
  14  0:18  Supply Depot  
  14  0:30  SCV  
  15  0:43  SCV  
  16  1:00  Barracks x2  
  16  1:09  Barracks  
  16  1:14  SCV  
  17  1:26  SCV  
  17  1:32  Supply Depot  
  18  1:48  Marine x2  
  18  1:49  Orbital Command  
  20  1:56  Supply Depot  
  20  1:57  Marine  
  21  2:06  Marine x2  
  23  2:14  Marine  
  24  2:16  SCV  
  25  2:24  Marine x2  
  27  2:32  Marine  
  28  2:39  SCV  
  28  2:42  Refinery, Marine x2  
  28  2:43  Refinery  
  31  2:50  Marine  
Tags
 
Add a new tag
Caveats
  • Supply blocks, unpowered buildings, or Contaminate may cause inaccurate times.
  • Supply counts are checked every 10 seconds.